 Dungeon Crawl Stone Soup version 0.22-a0-587-g7d32d7c (webtiles) character file.

3309 KristoblXynda the Covert (level 10, -9/87 HPs)
             Began as a Naga Gladiator on July 4, 2018.
             Mangled by a two-headed ogre
             ... wielding a +0 giant spiked club
              (25 damage)
             ... on level 8 of the Dungeon.
             The game lasted 00:18:33 (8580 turns).

KristoblXynda the Covert (Naga Gladiator)           Turns: 8580, Time: 00:18:34

Health: -9/87      AC: 15    Str: 21    XL:     10   Next: 1%
Magic:  10/10      EV:  8    Int: 10    God:
Gold:   445        SH:  0    Dex: 14    Spells: 9/9 levels left

rFire    + . .     SeeInvis +   a - +1 flail
rCold    . . .     Gourm    .   (no shield)
rNeg     . . .     Faith    .   e - +3 chain mail
rPois    +         Spirit   .   c - +0 helmet
rElec    .         Reflect  .   (no cloak)
rCorr    .         Harm     .   l - +1 pair of gloves
MR       +....                  (no barding)
Stlth    +.........             (no amulet)
HPRegen  0.24/turn              p - ring of protection from fire
MPRegen  0.12/turn              n - +4 ring of strength

@: short of breath, very slow
A: large, see invisible, deformed body, poison resistance, slowness 2, slow
metabolism 1, spit poison 1, AC +3
a: Spit Poison


You were on level 8 of the Dungeon.
You were not hungry.

You visited 2 branches of the dungeon, and saw 9 of its levels.
You also visited: Sewer.

You collected 445 gold pieces.

Inventory:

Hand Weapons
 a - a +1 flail (weapon)
Missiles
 d - 4 throwing nets (quivered)
Armour
 c - a +0 helmet (worn)
 e - a +3 chain mail (worn)
 l - a +1 pair of gloves (worn)
 A - a +2 shield
Jewellery
 n - a +4 ring of strength (right hand)
 p - a ring of protection from fire (left hand)
Wands
 s - a wand of disintegration (12)
Scrolls
 b - 2 scrolls of fear
 g - 3 scrolls of remove curse
 m - a scroll of brand weapon {unknown}
 o - 5 scrolls of enchant armour
 q - a scroll of amnesia
 t - a scroll of enchant weapon
 z - a scroll of teleportation
Potions
 h - a potion of magic {unknown}
 i - a potion of mutation {unknown}
 j - a potion of might
 k - 2 potions of curing
 r - a potion of invisibility {unknown}
 u - a potion of haste {unknown}
Comestibles
 f - 8 rations


   Skills:
 + Level 4.7 Fighting
 + Level 7.6 Maces & Flails
 - Level 2.1 Throwing
 + Level 5.5 Armour
 - Level 5.0 Dodging
 + Level 10.3 Stealth


You had 9 spell levels left.
You didn't know any spells.
Your spell library contained the following spells:

 Spells                   Type           Power        Failure   Level  Hunger
 Magic Dart               Conj           #...         97%         1    ##.....
 Conjure Flame            Conj/Fire      #.......     100%        3    ####...
 Slow                     Hex            #.......     99%         2    ###....
 Mephitic Cloud           Conj/Pois/Air  #.......     100%        3    ####...
 Blink                    Tloc           N/A          99%         2    ###....
 Call Imp                 Summ           #.......     99%         2    ###....


Dungeon Overview and Level Annotations

Branches:
Dungeon (8/15)             Temple (1/1) D:7
   Lair: D:8-11

Altars:
Ashenzari
Cheibriados
Dithmenos
Elyvilon
Fedhas
Gozag
Hepliaklqana
Kikubaaqudgha
Makhleb
Nemelex Xobeh
Okawaru
Qazlal
Ru
Sif Muna
Trog
Uskayaw
Vehumet
Wu Jian
Xom
Zin
The Shining One


Innate Abilities, Weirdness & Mutations

You cannot wear boots.
Your serpentine skin is tough. (AC +3)
You have supernaturally acute eyesight. (SInv)
Armour fits poorly on your strangely shaped body.
Your system is resistant to poisons. (rPois)
You cover ground very slowly.
You have a slow metabolism.
You can spit poison.


Message History

The two-headed ogre is heavily wounded.
Press: ? - help, Shift-Dir - straight line, f/p - two-headed ogre
Aim: a two-headed ogre, wielding two giant spiked clubs (heavily wounded)
The splash of poison hits the two-headed ogre.
The two-headed ogre is poisoned.
The two-headed ogre is severely wounded.
You feel slightly more hungry.
The two-headed ogre hits you with a giant spiked club!
* * * LOW HITPOINT WARNING * * *
The two-headed ogre barely misses you.
Unknown command.
Throwing (i - inventory)
d - 5 throwing nets (quivered)
Press: ? - help, Shift-Dir - straight line, f/p - two-headed ogre
Aim: a two-headed ogre, wielding two giant spiked clubs (severely wounded, poisoned)
You throw a throwing net.
The throwing net barely misses the two-headed ogre.
The two-headed ogre hits you with a giant spiked club!
* * * LOW HITPOINT WARNING * * *
The two-headed ogre hits you with a giant spiked club!!
You die...

######### #(......#
#.......# #.[.....# .
#.....).# ########.#
#.......# #...(....?
#...≈≈..#######.#O......
.............<..@..#
###############....#
##...... #.....##
........ . ##.##.### ..
.. .. ## ... .#


You could see a two-headed ogre.

Vanquished Creatures
  A hungry ghost (D:7)
  An ice beast (D:8)
  4 ogres
  A phantom (D:5)
  3 centaurs
  6 big kobolds (Sewer)
  A bullfrog (D:6)
  A gnoll sergeant (D:7)
  5 scorpions
  6 killer bees (D:7)
  4 wights (D:6)
  2 howler monkeys
  2 crimson imps (D:7)
  A centaur zombie (D:7)
  A jelly (D:7)
  A hound (D:4)
  7 orc priests
  A bullfrog skeleton (D:4)
  5 orc wizards
  2 iguanas (D:4)
  5 worker ants
  A killer bee zombie (D:8)
  2 hound skeletons
  A worker ant zombie (D:8)
  8 gnolls
  A howler monkey skeleton (D:4)
  14 adders
  2 river rats (Sewer)
  2 shadow imps (D:5)
  6 oozes
  3 worms (Sewer)
  2 dart slugs
  7 leopard geckos
  20 orcs
  5 bats
  3 giant cockroaches
  5 goblins
  5 hobgoblins
  14 jackals
  9 kobolds
  4 quokkas
  5 ball pythons
  3 frilled lizards
  A jackal zombie (D:5)
  A quokka skeleton (D:4)
  6 rats
190 creatures vanquished.

Notes
Turn   | Place    | Note
-------+----------+-------------------------------------------
     0 | D:1      | KristoblXynda the Naga Gladiator began the quest for the Orb.
     0 | D:1      | Reached XP level 1. HP: 19/19 MP: 1/1
   157 | D:1      | Reached XP level 2. HP: 15/26 MP: 2/2
   796 | D:2      | Reached XP level 3. HP: 31/32 MP: 3/3
  1044 | D:2      | Found an ancient bone altar of Kikubaaqudgha.
  1127 | D:2      | Reached skill level 1 in Stealth
  1440 | D:3      | Found a glowing golden altar of the Shining One.
  1440 | D:3      | Found a snail-covered altar of Cheibriados.
  1468 | D:3      | Found a glowing drain.
  1486 | D:3      | Reached XP level 4. HP: 16/39 MP: 4/4
  1535 | D:3      | Reached skill level 1 in Armour
  1535 | D:3      | Reached skill level 2 in Stealth
  1554 | Sewer    | Entered a sewer
  1779 | Sewer    | Noticed a big kobold
  1810 | Sewer    | Killed a big kobold
  1810 | Sewer    | Reached skill level 3 in Stealth
  1810 | Sewer    | Reached XP level 5. HP: 20/45 MP: 5/5
  1994 | Sewer    | Noticed a big kobold
  2026 | Sewer    | Killed a big kobold
  2026 | Sewer    | Reached XP level 6. HP: 27/52 MP: 6/6
  2211 | Sewer    | Reached skill level 4 in Stealth
  2807 | Sewer    | Reached XP level 7. HP: 60/60 MP: 7/7
  2836 | Sewer    | Reached skill level 5 in Stealth
  2849 | Sewer    | Reached skill level 5 in Maces & Flails
  3101 | D:4      | Found a hazy altar of Hepliaklqana.
  3667 | D:4      | Reached skill level 6 in Stealth
  4327 | D:3      | Reached XP level 8. HP: 64/67 MP: 8/8
  4735 | D:5      | Entered Level 5 of the Dungeon
  4777 | D:5      | Reached skill level 7 in Stealth
  6028 | D:5      | Reached skill level 5 in Dodging
  6285 | D:6      | Reached skill level 8 in Stealth
  6393 | D:6      | Reached XP level 9. HP: 31/74 MP: 9/9
  7146 | D:6      | Found an opulent altar of Gozag.
  7552 | D:6      | Reached skill level 9 in Stealth
  7781 | D:7      | Reached skill level 5 in Armour
  8024 | D:7      | Got a distressingly furry leather armour
  8042 | D:7      | Identified the +1 leather armour of the Forgotten Emperors {MR+ Regen+ Str-5} (You took it off a gnoll on level 7 of the Dungeon)
  8099 | D:7      | Found a staircase to the Ecumenical Temple.
  8130 | Temple   | Entered the Ecumenical Temple
  8247 | D:7      | Reached skill level 10 in Stealth
  8529 | D:8      | Reached XP level 10. HP: 45/87 MP: 10/10
  8563 | D:8      | Noticed a two-headed ogre
  8580 | D:8      | Mangled by a two-headed ogre

Vault maps used:
D:1:      lemuel_arrival_hallway
D:2:      old_standard_altar, first_ration
D:3:      nicolae_overflow_hidden_temple, gup_sewer_entry_glass
D:4:      nicolae_overflow_crystal_walls
D:5:      grunt_ministairs_8
D:6:      nicolae_gozag_cash_rules_everything_around_me
D:7:      minmay_temple_entry_grid
D:8:      enter_ossuary_1
Temple:   lightli_temple_of_artemis
Sewer:    sewer_co_tree

Skill      XL: |  1  2  3  4  5  6  7  8  9 |
---------------+----------------------------+-----
Throwing       | 2 |  2.1
Stealth        | 1 3 4 6 8 10 | 10.3
Armour         | 1 2 3 4 5 |  5.5
Dodging        | 3 4 5 |  5.0
Maces & Flails | 4 5 6 7 |  7.6
Fighting       | 4 |  4.7

Action                   |  1- 3 |  4- 6 |  7- 9 | 10-12 || total
-------------------------+-------+-------+-------+-------++-------
Melee: Flail             |    77 |   152 |   539 |    19 ||   787
Throw: Throwing net      |       |       |       |     3 ||     3
 Abil: Spit Poison       |     2 |    14 |    24 |     1 ||    41
  Use: Scroll            |    10 |       |     9 |       ||    19
       Potion            |       |       |     6 |       ||     6
 Stab: Distracted        |       |     1 |     2 |       ||     3
       Sleeping          |       |     2 |     6 |       ||     8
       Held in net/web   |       |       |       |     3 ||     3
  Eat: Chunk             |     1 |     2 |     9 |       ||    12
       Ration            |       |     1 |     5 |       ||     6
Armor: Leather armour    |    16 |       |       |       ||    16
       Ring mail         |    28 |    56 |    78 |       ||   162
       Chain mail        |       |       |   229 |     3 ||   232
       Skin              |       |       |    59 |       ||    59
Dodge: Dodged            |    61 |    73 |   281 |     7 ||   422

Table legend:
 A = Spawn XP
 B = Non-spawn XP
 C = Spawn XP percentage of total XP
 D = Spawn monster count
 E = Non-spawn monster count
 F = Spawn count percentage of total count
 G = Total turns spent on level
                    A         B        C        D         E        F      G
               +---------+---------+-------+---------+---------+-------+---------
         Total |       0 |    4728 |   0.0 |       0 |     190 |   0.0 |  8580
               +---------+---------+-------+---------+---------+-------+---------
           D:1 |       0 |      31 |   0.0 |       0 |      12 |   0.0 |   708
           D:2 |       0 |      26 |   0.0 |       0 |      13 |   0.0 |   746
           D:3 |       0 |     300 |   0.0 |       0 |      35 |   0.0 |   657
           D:4 |       0 |     339 |   0.0 |       0 |      15 |   0.0 |  1604
           D:5 |       0 |     738 |   0.0 |       0 |      31 |   0.0 |  1076
           D:6 |       0 |     940 |   0.0 |       0 |      27 |   0.0 |  1467
           D:7 |       0 |    1475 |   0.0 |       0 |      26 |   0.0 |   745
           D:8 |       0 |     173 |   0.0 |       0 |       3 |   0.0 |   109
         Sewer |       0 |     706 |   0.0 |       0 |      28 |   0.0 |  1427
               +---------+---------+-------+---------+---------+-------+---------
